 Dungeon Crawl Stone Soup version 0.26.0-10-g1f06aea511 (webtiles) character file.

Game seed: 5024779643440141642

238 MajorAdolf the Skirmisher (level 6, -2/56 HPs)
             Began as a Naga Wanderer on Jan 16, 2021.
             Slain by an orc priest
             ... wielding a +0 short sword
              (6 damage)
             ... on level 5 of the Dungeon.
             The game lasted 00:06:19 (4630 turns).

MajorAdolf the Skirmisher (Naga Wanderer)           Turns: 4630, Time: 00:06:20

Health: -2/56      AC:  6    Str: 18    XL:     6   Next: 7%
Magic:  10/10      EV: 10    Int: 14    God:
Gold:   143        SH:  0    Dex:  7    Spells: 11/11 levels left

rFire    . . .     SeeInvis +   x - +0 hand axe
rCold    . . .     Faith    .   (no shield)
rNeg     . . .     Spirit   .   c - +2 leather armour
rPois    +         Reflect  .   (no helmet)
rElec    .         Harm     .   w - +0 cloak
rCorr    .         Rampage  .   (no gloves)
Will     .....                  (no barding)
Stlth    +.........             (no amulet)
HPRegen  0.18/turn              (no ring)
MPRegen  0.12/turn              (no ring)

@: very slow
A: large, see invisible, deformed body, poison resistance, slowness 2, spit
poison 1, AC +2
a: Spit Poison


You were on level 5 of the Dungeon.
You visited 1 branch of the dungeon, and saw 5 of its levels.

You collected 143 gold pieces.

Inventory:

Hand Weapons
 a - a +0 spear
 x - a +0 hand axe (weapon)
Missiles
 q - 4 poisoned darts
 u - 4 curare-tipped darts
Armour
 c - a +2 leather armour (worn)
 w - a +0 cloak (worn)
Jewellery
 k - an uncursed ring of positive energy {unknown}
 o - an uncursed amulet of regeneration {unknown}
Wands
 j - a wand of flame (11)
 l - a wand of digging (6)
Scrolls
 e - 4 scrolls of identify
 i - 2 scrolls of blinking {unknown}
 p - 2 scrolls of remove curse {unknown}
 t - a scroll of enchant weapon {unknown}
 v - a scroll of teleportation
Potions
 d - a potion of ambrosia {unknown}
 f - a potion of magic {unknown}
 g - a potion of heal wounds {unknown}
 h - a potion of lignification {unknown}
 m - a potion of berserk rage {unknown}
 n - a potion of degeneration {unknown}
 r - a potion of mutation {unknown}
 s - a potion of attraction {unknown}


   Skills:
 + Level 3.1 Fighting
 + Level 0.0 Axes
 - Level 1.0 Throwing
 - Level 2.2 Armour
 + Level 2.8 Dodging
 - Level 1.5 Stealth
 - Level 3.0 Spellcasting
 - Level 2.0 Earth Magic
 - Level 2.0 Evocations


You had 11 spell levels left.
You didn't know any spells.
Your spell library was empty.

Dungeon Overview and Level Annotations

Branches:
Dungeon (5/15)
 Temple: D:4-7

Altars:
The Shining One

Annotations:
D:3 Ijyb


Innate Abilities, Weirdness & Mutations

You cannot wear boots.
Your serpentine skin is tough. (AC +2)
You have supernaturally acute eyesight. (SInv)
Armour fits poorly on your strangely shaped body.
Your system is resistant to poisons. (rPois)
You cover ground very slowly.
You can spit poison.


Message History

* * * LOW HITPOINT WARNING * * *
You hit the orc priest but do no damage.
The orc priest is severely wounded.
The orc priest hits you but does no damage.
You barely miss the orc priest.
The orc priest is severely wounded.
The orc priest barely misses you.
You completely miss the orc priest.
The orc priest is severely wounded.
The orc priest casts a cantrip, but nothing happens.
You hit the orc priest.
The orc priest is almost dead.
The orc priest hits you with a +0 short sword.
* * * LOW HITPOINT WARNING * * *
The orc priest barely misses you.
You closely miss the orc priest.
The orc priest is almost dead.
You have got your breath back.
The orc priest hits you with a +0 short sword.
You die... ######.# #@o....# ########

You could see an orc priest.

Vanquished Creatures
  A hound (D:4)
  A worker ant (D:4)
  7 adders
  An ooze (D:2)
  An adder skeleton (D:4)
  2 worms
  3 dart slugs
  3 leopard geckos
  5 orcs
  4 giant cockroaches
  9 hobgoblins
  8 jackals (D:3)
  11 kobolds
  A quokka (D:2)
  2 ball pythons (D:2)
  8 bats
  7 frilled lizards
  16 goblins
  2 rats
92 creatures vanquished.

Notes
Turn   | Place    | Note
-------+----------+-------------------------------------------
     0 | D:1      | MajorAdolf the Naga Wanderer began the quest for the Orb.
     0 | D:1      | MajorAdolf set off with the following items: a +0 spear, a
                  | potion of curing, a +2 leather armour
     0 | D:1      | Reached XP level 1. HP: 18/18 MP: 4/4
   252 | D:1      | Reached XP level 2. HP: 21/25 MP: 6/6
   623 | D:1      | Reached skill level 1 in Armour
   640 | D:1      | Reached XP level 3. HP: 9/32 MP: 7/7
  1762 | D:2      | Reached XP level 4. HP: 39/39 MP: 8/8
  2305 | D:2      | Reached skill level 1 in Evocations
  2429 | D:2      | Found a glowing golden altar of the Shining One.
  2887 | D:3      | Reached XP level 5. HP: 42/46 MP: 9/9
  3381 | D:3      | Noticed Ijyb
  4421 | D:4      | Reached XP level 6. HP: 54/56 MP: 10/10
  4436 | D:5      | Entered Level 5 of the Dungeon
  4630 | D:5      | Slain by an orc priest

Illustrated notes

Levels and vault maps discovered:
D:1:      zelgadis_glass_arrival_small, layout_basic
D:2:      layout_basic, nicolae_tso_swordbearing_angel
D:3:      kennysheep_goblin_castle, layout_basic
D:4:      layout_rooms, kennysheep_mini_moat, pdpol_wu_jian_five_deadly_venoms,
          gammafunk_ghost_nasty_kobolds, hangedman_abyss_or_decor_stagger,
          nrook_mini_backslash
D:5:      layout_basic, lemuel_crystal_altar,
          chequers_temple_overflow_minitemple, st_stairs_9,
          minmay_guarded_unrand_staff_of_olgreb

Skill      XL: |  1  2  3  4  5 |
---------------+----------------+-----
Armour         | 1 2 |  2.2
Dodging        | 2 |  2.8
Fighting       | 2 3 |  3.1
Evocations     | 1 2 |  2.0
Throwing       | |  1.0
Stealth        | |  1.5
Spellcasting   | |  3.0
Earth Magic    | |  2.0

Action                   |  1- 3 |  4- 6 || total
-------------------------+-------+-------++-------
Melee: Spear             |   158 |   248 ||   406
       Hand axe          |       |    18 ||    18
 Abil: Spit Poison       |     6 |    16 ||    22
Evoke: Wand              |       |     5 ||     5
  Use: Scroll            |       |     2 ||     2
       Potion            |       |     3 ||     3
 Stab: Sleeping          |       |     1 ||     1
Armor: Leather armour    |    59 |   118 ||   177
Dodge: Dodged            |    75 |   147 ||   222
